 Dungeon Sprint DCSS version 0.26-a0-1026-g544776af23 (webtiles) character file.

Game seed: 14539041072001279694

412515 mhtbhm the Conqueror (level 21, -12/163 HPs)
             Began as a Gargoyle Fighter on Dec 8, 2020.
             Was the Champion of Okawaru.
             Mangled by an acid blob (13 damage)
             ... created by the Royal Jelly
             ... in the Dungeon (Sprint IX: "|||||||||||||||||||||||||||||") on Dec 9, 2020.
             The game lasted 00:36:38 (12814 turns).

mhtbhm the Conqueror (Gargoyle Fighter)            Turns: 12814, Time: 00:36:39

Health: -12/163    AC: 42    Str: 40    XL:     21   Next: 79%
Magic:  38/38      EV: 19    Int: 11    God:    Okawaru [******]
Gold:   241        SH: 22    Dex: 10    Spells: 20/20 levels left

rFire    + + .     SeeInvis +   a - +2 eveningstar (flame)
rCold    + + .     Faith    .   c - +2 kite shield {reflect}
rNeg     + + .     Spirit   .   b - +12 gold dragon scales
rPois    ∞         Reflect  +   y - +0 hat "Ugotiamp" {+Blink Str+7 Int-2 Stlth+}
rElec    +         Harm     .   T - +1 cloak {Will+}
rCorr    +         Rampage  .   p - +2 pair of gloves {Dex+3}
Will     ++...     NoTele   +   E - +2 pair of boots
Stlth    ..........             w - amulet of regeneration
HPRegen  0.77/turn              r - ring "Kuvoted" {*Contam rElec Str+4 Slay+2 SInv}
MPRegen  0.26/turn              Q - ring of the Hart {rN+ Int+3}

@: resistant, corroded, flying
A: big wings, clumsy 1, negative energy resistance 1, electricity resistance,
unbreathing, petrification resistance, rot immunity, AC +16
}: 6/17 runes: decaying, serpentine, barnacled, elven, silver, gossamer
a: Stop Flying, Heroism, Finesse, Renounce Religion, Evoke Blink


You were in the Dungeon.
You worshipped Okawaru.
Okawaru was exalted by your worship.
You visited 1 branch You collected 2001 gold pieces.
You spent 1760 gold pieces at shops.

Inventory:

Hand Weapons
 a - a +2 eveningstar of flaming (weapon)
 o - a +7 trishula of holy wrath
 v - the +6 hand crossbow "Myguimo" {freeze, +Blink}
   (Okawaru gifted it to you in the Dungeon)

   It causes projectiles fired from it to freeze those they strike, causing
   extra injury to most foes and up to half again as much damage against
   particularly susceptible opponents.
   They can also slow down cold-blooded creatures.
   It lets you blink.
 J - a +2 morningstar of protection
Missiles
 x - 234 bolts
Armour
 b - +12 gold dragon scales (worn)
 c - a +2 kite shield of reflection (worn)
 p - a +2 pair of gloves of dexterity (worn)
 y - the +0 hat "Ugotiamp" (worn) {+Blink Str+7 Int-2 Stlth+}
   (Okawaru gifted it to you in the Dungeon)

   It affects your strength (+7).
   It affects your intelligence (-2).
   It lets you blink.
   It makes you more stealthy.
 E - a +2 pair of boots (worn)
 T - a +1 cloak of willpower (worn)
Jewellery
 r - the ring "Kuvoted" (left hand) {*Contam rElec Str+4 Slay+2 SInv}
   (You found it in the Dungeon)

   [ring of see invisible]

   It affects your strength (+4).
   It affects your accuracy and damage with ranged weapons and melee attacks
   (+2).
   It insulates you from electricity.
   It lets you see invisible.
   It causes magical contamination when unequipped.
 w - an amulet of regeneration (around neck)
 C - an uncursed ring of resist corrosion
 N - the ring of Estus {*Corrode +Blink rC+++ AC+3}
   (You found it in the Dungeon)

   [ring of protection]

   It affects your AC (+3).
   It renders you almost immune to cold.
   It lets you blink.
   It may corrode you when you take damage.
 Q - the ring of the Hart (right hand) {rN+ Int+3}
   (You found it in the Dungeon)

   [ring of positive energy]

   It affects your intelligence (+3).
   It protects you from negative energy.
Wands
 n - a wand of iceblast (7)
 t - a wand of random effects (11)
 z - a wand of digging (5)
 H - a wand of paralysis (18)
Scrolls
 j - 2 scrolls of blinking
 l - 6 scrolls of remove curse
 m - 2 scrolls of amnesia
 A - 3 scrolls of fog
 M - 2 scrolls of fear
Potions
 d - 6 potions of might
 e - 10 potions of curing
 f - 3 potions of heal wounds
 g - 6 potions of haste
 h - 9 potions of magic
 s - 3 potions of brilliance
 F - 3 potions of mutation
Miscellaneous
 K - a condenser vane (inert)


   Skills:
 O Level 27 Fighting
 + Level 1.2(1.4) Short Blades
 - Level 1.1(1.4) Long Blades
 + Level 1.1(20.9) Axes
 - Level 17.9(18.0) Maces & Flails
 O Level 27 Polearms
 + Level 1.3(22.3) Staves
 + Level 1.1(2.2) Slings
 - Level 1.3 Bows
 O Level 27 Crossbows
 - Level 3.0(3.1) Throwing
 O Level 27 Armour
 + Level 24.1 Dodging
 - Level 3.4 Stealth
 O Level 27 Shields
 + Level 1.4 Conjurations
 - Level 1.1 Hexes
 - Level 1.5 Summonings
 - Level 1.1 Necromancy
 - Level 1.1 Translocations
 - Level 1.0 Transmutations
 - Level 1.4 Fire Magic
 - Level 1.7 Ice Magic
 - Level 1.3 Air Magic
 - Level 2.2 Earth Magic
 - Level 1.7 Poison Magic
 O Level 27 Invocations
 + Level 18.6 Evocations


You had 20 spell levels left.
You didn't know any spells.
Your spell library contained the following spells:

 Spells                   Type           Power        Failure   Level
 Gell's Gravitas          Tloc           #.........   93%         3
 Portal Projectile        Hex/Tloc       #.....       93%         3
 Bolt of Magma            Conj/Fire/Erth #.........   100%        5
 Iskenderun's Battlesphe  Conj           #.......     100%        5
 Dispersal                Tloc           #.........   100%        6
 Iron Shot                Conj/Erth      #.........   100%        6
 Orb of Destruction       Conj           #.........   100%        7
 Spellforged Servitor     Conj/Summ      #.........   100%        7
 Disjunction              Tloc           #.........   100%        8


Dungeon Overview and Level Annotations

Branches:
Dungeon (1/1)

Altars:
Cheibriados
Dithmenos
Elyvilon
Fedhas
Gozag
Hepliaklqana
Kikubaaqudgha
Makhleb
Nemelex Xobeh
Okawaru
Qazlal
Ru
Sif Muna
Trog
Uskayaw
Vehumet
Wu Jian
Xom
Yredelemnul
Zin
The Shining One
Beogh
Jiyva
Lugonu

Shops:
D :*[:

Annotations:
D Royal Jelly


Innate Abilities, Weirdness & Mutations

You are resistant to torment.
Your stone body is resilient. (AC +16)
You are immune to poison.
Your large and strong wings let you fly indefinitely.
You resist negative energy. (rN+)
You are resistant to electric shocks. (rElec)
You can survive without breathing.
You are immune to petrification.
You are immune to rotting.
You are clumsy. (Dex -2)


Message History

The Royal Jelly completely misses you. You block the Royal Jelly's attack.
The acid blob barely misses you.
Unknown command.
You bludgeon the Royal Jelly!! You burn the Royal Jelly.
Your hands burn!
* * * LOW HITPOINT WARNING * * *
The Royal Jelly is severely wounded.
The Royal Jelly hits you!!
* * * LOW HITPOINT WARNING * * *
You are splashed with acid.
You resist.
* * * LOW HITPOINT WARNING * * *
The Royal Jelly hits you!
* * * LOW HITPOINT WARNING * * *
You are splashed with acid.
You resist.
* * * LOW HITPOINT WARNING * * *
You block the acid blob's attack.
You thump the Royal Jelly! You burn the Royal Jelly.
Your hands burn!
* * * LOW HITPOINT WARNING * * *
The Royal Jelly is severely wounded.
You block the Royal Jelly's attack. x2; The acid blob hits you!
You die...

.▓.▓.▓.▓.▓(▓.▓.▓.♣)♣,*,*,*,*
.▓.▓.▓.▓.▓)▓.▓.▓.♣.♣,*+*,*,*
.▓.▓[▓.▓.▓)▓.▓.▓.♣.♣,*,*,*,*
.▓.▓)▓)▓.▓.▓.▓)▓.♣J♣,*,*,*,*
.▓.▓)▓)▓.▓.▓.▓)▓J♣.♣,*,*,*,*
.▓.▓)▓)▓.▓.▓.▓.▓J♣.♣,*,*,*,*
.▓)▓)▓)▓.▓.▓.▓.▓J♣.♣,*,*,*,*
.▓)▓.▓)▓.▓.▓.▓.▓J♣.♣,*,*,*,*
.▓)▓.▓)▓.▓"▓.▓.▓@♣.♣,*,*,*,*
.▓)▓.▓)▓.▓'▓.▓.▓J♣J♣,*,*,*,*
.▓)▓.▓.▓.▓)▓.▓.▓J▓.▓,*,*,*,*
.▓)▓)▓.▓.▓)▓.▓.▓.▓)▓,*,*,*,*
.▓.▓(▓.▓.▓.▓.▓'▓.▓.▓,*+*,*,*
.▓.▓.▓[▓.▓.▓.▓.▓.▓)▓,*,*,*,*
.▓.▓.▓[▓.▓.▓.▓'▓.▓)▓,*,*,*,*
.▓.▓(▓[▓.▓.▓.▓.▓.▓)▓,*,*,*,*
.▓.▓.▓[▓.▓.▓.▓'▓.▓J▓,*,*,*,*


You could see the Royal Jelly, 2 acid blobs, an azure jelly and 2 death oozes.

Vanquished Creatures
  Mennas (D)
  3 orbs of fire (D)
  Mara (D)
  5 ancient liches (D)
  Boris (D)
  Sojobo (D)
  Frederick (D)
  Margery (D)
  A curse toe (D)
  6 golden dragons (D)
  Nikola (D)
  2 bone dragons (D)
  3 electric golems (D)
  7 tentacled monstrosities (D)
  26 Orb Guardians (D)
  A lich (D)
  2 deep elf blademasters (D)
  13 acid blobs (D)
  A death cob (D)
  2 sphinxes (D)
  6 shadow dragons (D)
  Donald (D)
  3 tengu reavers (D)
  Ilsuiw (D)
  7 azure jellies (D)
  2 storm dragons (D)
  5 vault wardens (D)
  A fire giant (D)
  2 draconian knights (D)
  A deep elf sorcerer (D)
  3 draconian scorchers (D)
  A frost giant (D)
  3 ghost moths (D)
  6 nagarajas (D)
  5 emperor scorpions (D)
  Aizul (D)
  A draconian stormcaller (D)
  3 ironheart preservers (D)
  A draconian annihilator (D)
  A war gargoyle (D)
  2 very ugly things (D)
  4 stone giants (D)
  11 vampire knights (D)
  4 green draconians (D)
  Nessos (D)
  3 purple draconians (D)
  2 white draconians (D)
  3 deep elf demonologists (D)
  2 black draconians (D)
  3 red draconians (D)
  4 deep elf annihilators (D)
  4 merfolk javelineers (D)
  3 yellow draconians (D)
  Snorg (D)
  An ettin (D)
  2 deep elf death magi (D)
  An eleionoma (D)
  2 yaktaur captains (D)
  6 death oozes (D)
  A naga warrior (D)
  4 fire dragons (D)
  A rakshasa (D)
  2 deep elf high priests (D)
  A ghost crab (D)
  25 vault guards (D)
  6 merfolk impalers (D)
  2 spriggan air magi (D)
  3 ice dragons (D)
  7 hydras (D)
  2 merfolk avatars (D)
  3 centaur warriors (D)
  A death knight (D)
  A tengu warrior (D)
  An alligator (D)
  3 merfolk aquamancers (D)
  2 ogre magi (D)
  2 deep troll earth magi (D)
  A naga sharpshooter (D)
  A death yak (D)
  A vampire mage (D)
  A spriggan berserker (D)
  Nergalle (D)
  An orc high priest (D)
  A deep elf knight (D)
  5 hell knights (D)
  A shadow wraith (D)
  8 swamp dragons (D)
  2 sea snakes (D)
  A glowing orange brain (D)
  A wizard (D)
  A deep troll (D)
  A harpy (D)
  2 ironbrand convokers (D)
  2 mana vipers (D)
  2 necromancers (D)
  14 orc knights (D)
  An orb spider (D)
  3 lindwurms (D)
  3 wolf spiders (D)
  A deep elf mage (D)
  A salamander (D)
  4 ugly things (D)
  16 moths of wrath (D)
  2 black mambas (D)
  A guardian serpent (D)
  An elephant (shapeshifter) (D)
  5 naga magi (D)
  A water nymph (D)
  4 vault sentinels (D)
  Maurice (D)
  A torpor snail (D)
  3 cane toads (D)
  2 rime drakes (D)
  2 yaktaurs (D)
  3 komodo dragons (D)
  A freezing wraith (D)
  4 demonic crawlers (D)
  4 trolls (D)
  A queen bee (shapeshifter) (D)
  2 jumping spiders (D)
  3 tyrant leeches (D)
  3 merfolk (D)
  A tarantella (shapeshifter) (D)
  2 redbacks (D)
  11 spriggans (D)
  A wraith (D)
  2 yaks (D)
  Grum (D)
  A golden eye (D)
  4 nagas (D)
  2 acid dragons (D)
  A water moccasin (D)
  3 floating eyes (D)
  2 sky beasts (D)
  3 swamp drakes (D)
  15 orc warriors (D)
  An ogre (D)
  4 wolves (D)
  A boggart (D)
  3 bullfrogs (D)
  2 jellies (D)
  4 orc priests (D)
  4 orc wizards (D)
  A worker ant (D)
  A white imp (D)
  An ufetubus (D)
  An ooze (D)
  An adder zombie (D)
  3 worms (D)
  An adder simulacrum (D)
  7 orcs (D)
  2 giant cockroaches (D)
  A kobold (D)
  A ball python skeleton (D)
  A bat (D)
  A quokka skeleton (D)
  A rat (D)
470 creatures vanquished.

Vanquished Creatures (others)
  A nagaraja (D)
  A hydra (D)
  A bloated husk (D)
3 creatures vanquished.

Grand Total: 473 creatures vanquished

Notes
Turn   | Place    | Note
-------+----------+-------------------------------------------
     0 | D        | mhtbhm the Gargoyle Fighter began the quest for the Orb.
     0 | D        | Reached XP level 1. HP: 14/14 MP: 1/1
    18 | D        | Reached XP level 2. HP: 19/20 MP: 2/2
   127 | D        | Noticed a sky beast
   135 | D        | Reached skill level 5 in Shields
   135 | D        | Reached XP level 3. HP: 23/25 MP: 3/3
   170 | D        | Killed a sky beast
   171 | D        | Reached skill level 5 in Maces & Flails
   171 | D        | Reached skill level 5 in Armour
   171 | D        | Reached skill level 1 in Dodging
   171 | D        | Reached XP level 4. HP: 12/32 MP: 4/4
   171 | D        | Reached XP level 5. HP: 13/36 MP: 5/5
   184 | D        | Found a roughly hewn altar of Beogh.
   184 | D        | Found a snail-covered altar of Cheibriados.
   184 | D        | Found a shadowy altar of Dithmenos.
   184 | D        | Found a white marble altar of Elyvilon.
   184 | D        | Found a blossoming altar of Fedhas.
   184 | D        | Found an opulent altar of Gozag.
   185 | D        | Found a hazy altar of Hepliaklqana.
   186 | D        | Found a viscous altar of Jiyva.
   187 | D        | Found an ancient bone altar of Kikubaaqudgha.
   188 | D        | Found a corrupted altar of Lugonu.
   189 | D        | Found a burning altar of Makhleb.
   190 | D        | Found a sparkling altar of Nemelex Xobeh.
   191 | D        | Found an iron altar of Okawaru.
   192 | D        | Found a stormy altar of Qazlal.
   193 | D        | Found a sacrificial altar of Ru.
   194 | D        | Found a shimmering blue altar of Sif Muna.
   195 | D        | Found a bloodstained altar of Trog.
   196 | D        | Found a hide-covered altar of Uskayaw.
   197 | D        | Found a radiant altar of Vehumet.
   198 | D        | Found an ornate altar of the Wu Jian Council.
   199 | D        | Found a shimmering altar of Xom.
   200 | D        | Found a basalt altar of Yredelemnul.
   201 | D        | Found a glowing silver altar of Zin.
   202 | D        | Found a glowing golden altar of the Shining One.
   211 | D        | Found the +8 arc blade {discharge, rElec}
   436 | D        | Became a worshipper of Warmaster Okawaru
   504 | D        | Noticed a sky beast
   504 | D        | Noticed an ogre
   504 | D        | Noticed an orc warrior
   513 | D        | Killed a sky beast
   514 | D        | Reached XP level 6. HP: 42/42 MP: 6/6
   516 | D        | Reached * piety under Okawaru
   521 | D        | Killed an orc warrior
   522 | D        | Reached XP level 7. HP: 45/48 MP: 7/7
   542 | D        | Noticed a wraith
   542 | D        | Noticed a troll
   542 | D        | Noticed a troll
   559 | D        | Killed a wraith
   560 | D        | Reached skill level 10 in Maces & Flails
   564 | D        | Killed a troll
   564 | D        | Reached ** piety under Okawaru
   565 | D        | Reached XP level 8. HP: 54/54 MP: 8/8
   577 | D        | Killed a troll
   845 | D        | Noticed a komodo dragon
   845 | D        | Noticed a black mamba
   845 | D        | Noticed a cane toad
   846 | D        | Noticed a cane toad
   858 | D        | Killed a komodo dragon
   858 | D        | Reached *** piety under Okawaru
   859 | D        | Reached skill level 5 in Dodging
   859 | D        | Reached skill level 10 in Shields
   862 | D        | Noticed a rime drake
   863 | D        | Killed a black mamba
   863 | D        | Noticed a komodo dragon
   864 | D        | Reached XP level 9. HP: 58/60 MP: 7/9
   871 | D        | Killed a cane toad
   881 | D        | Killed a cane toad
   881 | D        | Reached **** piety under Okawaru
   882 | D        | Reached skill level 1 in Stealth
   895 | D        | Killed a rime drake
   896 | D        | Reached skill level 1 in Invocations
   902 | D        | Killed a komodo dragon
  1140 | D        | Noticed a rime drake
  1140 | D        | Noticed a death yak
  1141 | D        | Noticed a cane toad
  1143 | D        | Killed a rime drake
  1143 | D        | Reached ***** piety under Okawaru
  1144 | D        | Reached skill level 10 in Fighting
  1144 | D        | Reached XP level 10. HP: 68/68 MP: 10/10
  1158 | D        | Killed a death yak
  1163 | D        | Noticed a black mamba
  1165 | D        | Reached skill level 15 in Maces & Flails
  1171 | D        | Received a gift from Okawaru
  1184 | D        | Killed a cane toad
  1194 | D        | Killed a black mamba
  1199 | D        | Got an ebony hand crossbow {god gift}
  1200 | D        | Identified the +6 hand crossbow "Myguimo" {freeze, +Blink}
                  | (Okawaru gifted it to you in the Dungeon)
  1289 | D        | Noticed a lindwurm
  1290 | D        | Noticed a lindwurm
  1315 | D        | Noticed a lindwurm
  1323 | D        | Killed a lindwurm
  1717 | D        | Killed a lindwurm
  1717 | D        | Received a gift from Okawaru
  1951 | D        | Killed a lindwurm
  1952 | D        | Reached skill level 10 in Armour
  1952 | D        | Reached XP level 11. HP: 40/76 MP: 12/12
  1962 | D        | Got a jewelled scale mail {god gift}
  1968 | D        | Identified the +3 scale mail "Mokefing" {Regen+} (Okawaru
                  | gifted it to you in the Dungeon)
  2321 | D        | Noticed an orc high priest
  2330 | D        | Killed an orc high priest
  2336 | D        | Noticed an orc knight
  2361 | D        | Killed an orc knight
  2495 | D        | Found Uqurutwe's Book Emporium.
  2495 | D        | Noticed an orc knight
  2495 | D        | Noticed an orc knight
  2495 | D        | Noticed an orc knight
  2582 | D        | Killed an orc knight
  2678 | D        | Killed an orc knight
  2688 | D        | Killed an orc knight
  2861 | D        | Noticed an orc knight
  2870 | D        | Noticed an orc knight
  2873 | D        | Noticed an orc knight
  2877 | D        | Killed an orc knight
  2885 | D        | Killed an orc knight
  2896 | D        | Killed an orc knight
  2896 | D        | Received a gift from Okawaru
  2897 | D        | Reached skill level 1 in Evocations
  2990 | D        | Found Tyanine's Assorted Antiques.
  2994 | D        | Found Tifid's Armour Emporium.
  2998 | D        | Found Mesy's Book Shoppe.
  3269 | D        | Noticed an orc knight
  3270 | D        | Noticed an orc knight
  3283 | D        | Killed an orc knight
  3292 | D        | Killed an orc knight
  3292 | D        | Reached ****** piety under Okawaru
  3293 | D        | Reached XP level 12. HP: 72/86 MP: 13/13
  3304 | D        | Bought a manual of Crossbows for 1435 gold pieces
  3308 | D        | Bought a brass wand for 104 gold pieces
  3308 | D        | Bought a scroll labelled VUIQONA VENUKU for 26 gold pieces
  3308 | D        | Bought a scroll of enchant armour for 195 gold pieces
  3374 | D        | Noticed Grum
  3388 | D        | Killed Grum
  3431 | D        | Found the +7 Spriggan's Knife {stab, EV+4 Stlth+}
  3515 | D        | Noticed a four-headed hydra
  3515 | D        | Noticed a four-headed hydra
  3520 | D        | Noticed a centaur warrior
  3527 | D        | Noticed a centaur warrior
  3528 | D        | Killed a four-headed hydra
  3528 | D        | Received a gift from Okawaru
  3529 | D        | Reached skill level 15 in Fighting
  3530 | D        | Noticed a yaktaur captain
  3534 | D        | Noticed a stone giant
  3537 | D        | Killed a four-headed hydra
  3538 | D        | Noticed a rakshasa
  3557 | D        | Killed a centaur warrior
  3558 | D        | Reached skill level 15 in Shields
  3568 | D        | Killed a centaur warrior
  3593 | D        | Killed a yaktaur captain
  3606 | D        | Killed a stone giant
  3628 | D        | Killed a rakshasa
  3628 | D        | Received a gift from Okawaru
  3846 | D        | Got an ichor-stained arbalest {god gift}
  3856 | D        | Got a masterwork ring mail {god gift}
  3862 | D        | Identified the +1 ring mail "Sutes" {rN+ Str+4} (Okawaru
                  | gifted it to you in the Dungeon)
  3879 | D        | Noticed an ettin
  3880 | D        | Noticed a tengu reaver
  3880 | D        | Noticed a deep troll earth mage
  3886 | D        | Killed an ettin
  3913 | D        | Killed a tengu reaver
  3923 | D        | Killed a deep troll earth mage
  4029 | D        | Noticed Maurice
  4030 | D        | Paralysed by Maurice for 3 turns
  4039 | D        | Paralysed by Maurice for 7 turns
  4204 | D        | Noticed a naga sharpshooter
  4204 | D        | Noticed a nagaraja
  4207 | D        | Noticed a naga warrior
  4216 | D        | Killed a naga sharpshooter
  4217 | D        | Reached XP level 13. HP: 99/99 MP: 12/14
  4226 | D        | Killed a nagaraja
  4227 | D        | Reached skill level 10 in Dodging
  4411 | D        | Noticed an emperor scorpion
  4434 | D        | Received a gift from Okawaru
  4461 | D        | Killed an emperor scorpion
  4578 | D        | Noticed a merfolk javelineer
  4579 | D        | Noticed a merfolk impaler
  4597 | D        | Noticed a merfolk impaler
  4629 | D        | Killed a merfolk javelineer
  4754 | D        | Killed a merfolk impaler
  4771 | D        | Killed a merfolk impaler
  4913 | D        | Noticed an eleionoma
  4940 | D        | Killed an eleionoma
  5117 | D        | Noticed Snorg
  5118 | D        | Noticed Aizul
  5141 | D        | Killed Aizul
  5142 | D        | Gained mutation: Your large and strong wings let you fly
                  | indefinitely. [Gargoyle growth]
  5142 | D        | Reached XP level 14. HP: 81/112 MP: 17/17
  5153 | D        | Killed Snorg
  5153 | D        | Received a gift from Okawaru
  5320 | D        | Noticed Nergalle
  5334 | D        | Killed Nergalle
  5367 | D        | Noticed a purple very ugly thing
  5367 | D        | Noticed a fire giant
  5378 | D        | Noticed a vampire knight
  5381 | D        | Killed a purple very ugly thing
  5386 | D        | Noticed a sphinx
  5392 | D        | Killed a fire giant
  5397 | D        | Reached skill level 5 in Invocations
  5584 | D        | Killed a vampire knight
  5628 | D        | Paralysed by a sphinx for 4 turns
  5648 | D        | Paralysed by a sphinx for 2 turns
  5653 | D        | Killed a sphinx
  5814 | D        | Noticed a stone giant
  5830 | D        | Killed a stone giant
  5834 | D        | Noticed a stone giant
  5841 | D        | Reached skill level 15 in Armour
  5848 | D        | Killed a stone giant
  5896 | D        | Received a gift from Okawaru
  6026 | D        | Noticed an ironheart preserver
  6043 | D        | Killed an ironheart preserver
  6053 | D        | Noticed a vault warden
  6056 | D        | Noticed an ironheart preserver
  6067 | D        | Noticed a lich
  6077 | D        | Killed a vault warden
  6078 | D        | Reached skill level 1 in Throwing
  6086 | D        | Noticed a vault warden
  6089 | D        | Upgraded the game from 0.26-a0-1021-gda264ca44c to
                  | 0.26-a0-1026-g544776af23
  6093 | D        | Killed a lich
  6102 | D        | Killed an ironheart preserver
  6102 | D        | Received a gift from Okawaru
  6107 | D        | Reached XP level 15. HP: 79/124 MP: 19/19
  6114 | D        | Reached skill level 15 in Dodging
  6122 | D        | Killed a vault warden
  6273 | D        | Noticed a vault warden
  6295 | D        | Killed a vault warden
  6424 | D        | Noticed Donald
  6446 | D        | Killed Donald
  6488 | D        | Noticed a tengu reaver
  6489 | D        | Noticed a tengu reaver
  6490 | D        | Noticed Sojobo
  6502 | D        | Killed a tengu reaver
  6521 | D        | Killed a tengu reaver
  6557 | D        | Killed Sojobo
  6832 | D        | Noticed Mennas
  6927 | D        | Killed Mennas
  6927 | D        | Received a gift from Okawaru
  6928 | D        | Reached skill level 27 in Fighting
  6930 | D        | Got a pair of encrusted boots {god gift}
  6941 | D        | Identified the +1 pair of boots "Fuzux" {Harm rC- rCorr
                  | Int+5} (Okawaru gifted it to you in the Dungeon)
  7102 | D        | Got a decaying rune of Zot
  7229 | D        | Noticed an emperor scorpion
  7229 | D        | Noticed an emperor scorpion
  7256 | D        | Killed an emperor scorpion
  7276 | D        | Noticed an emperor scorpion
  7304 | D        | Killed an emperor scorpion
  7305 | D        | Reached skill level 10 in Invocations
  7320 | D        | Killed a ghost moth
  7321 | D        | Reached XP level 16. HP: 61/133 MP: 1/23
  7344 | D        | HP: 6/133 [emperor scorpion (13)]
  7749 | D        | Got a gossamer rune of Zot
  7761 | D        | Noticed Ilsuiw
  7825 | D        | Received a gift from Okawaru
  7877 | D        | Killed Ilsuiw
  7882 | D        | Got a barnacled rune of Zot
  7889 | D        | Got a steaming scale mail {god gift}
  7895 | D        | Identified the +0 scale mail "Saeselu" {Int+2 Dex+7}
                  | (Okawaru gifted it to you in the Dungeon)
  7940 | D        | Identified the +1 arbalest "Ataruri" {flame, rN+ Int+3
                  | SInv} (Okawaru gifted it to you in the Dungeon)
  7942 | D        | Noticed a nagaraja
  7942 | D        | Noticed a nagaraja
  7944 | D        | Noticed a nagaraja
  7951 | D        | Noticed a nagaraja
  7953 | D        | Killed a nagaraja
  7982 | D        | Killed a nagaraja
  7992 | D        | Killed a nagaraja
  7996 | D        | Killed a nagaraja
  8001 | D        | Noticed a nagaraja
  8011 | D        | Killed a nagaraja
  8013 | D        | Noticed a nagaraja
  8027 | D        | Killed a nagaraja
  8031 | D        | Got a serpentine rune of Zot
  8085 | D        | Noticed Boris
  8116 | D        | Killed Boris
  8269 | D        | Received a gift from Okawaru
  8296 | D        | Reached XP level 17. HP: 139/139 MP: 26/26
  8377 | D        | Reached skill level 27 in Armour
  8470 | D        | Received a gift from Okawaru
  8477 | D        | Noticed a tentacled monstrosity
  8486 | D        | Reached skill level 15 in Invocations
  8512 | D        | Killed a tentacled monstrosity
  8613 | D        | Noticed a tentacled monstrosity
  8623 | D        | Killed a tentacled monstrosity
  8629 | D        | Noticed a golden dragon
  8634 | D        | Received a gift from Okawaru
  8651 | D        | Killed a golden dragon
  8683 | D        | Got a silver rune of Zot
  8728 | D        | Noticed Nikola
  8744 | D        | Noticed Mara
  8755 | D        | Noticed Nessos
  8756 | D        | Killed Nikola
  8756 | D        | Received a gift from Okawaru
  8771 | D        | Noticed mhtbhm's illusion
  8773 | D        | Killed Mara
  8776 | D        | Killed Nessos
  8835 | D        | Got an encrusted hat {god gift}
  8842 | D        | Noticed Margery
  8870 | D        | Killed Margery
  8871 | D        | Reached XP level 18. HP: 61/145 MP: 32/32
  8981 | D        | Identified the +0 hat "Hiriost" {rF++ Will-} (Okawaru
                  | gifted it to you in the Dungeon)
  9015 | D        | Got the ring "Kuvoted" {*Contam rElec Str+4 Slay+2 SInv}
  9017 | D        | Got the ring of Estus {*Corrode +Blink rC+++ AC+3}
  9019 | D        | Got the ring "Zeogem" {rElec rPois Will+ Int+3 Stlth+}
  9021 | D        | Got the amulet "Jyanops" {RegenMP *Contam +Fly rElec Int+7}
  9023 | D        | Got the ring of the Hart {rN+ Int+3}
  9132 | D        | Killed Maurice
  9195 | D        | Noticed Frederick
  9208 | D        | Killed Frederick
  9285 | D        | Noticed a golden dragon
  9322 | D        | Killed a golden dragon
  9514 | D        | Noticed a bone dragon
  9515 | D        | Noticed a bone dragon
  9540 | D        | Killed a bone dragon
  9541 | D        | Reached skill level 1 in Ice Magic
  9541 | D        | Reached skill level 1 in Earth Magic
  9541 | D        | Reached skill level 1 in Poison Magic
  9549 | D        | Reached skill level 1 in Conjurations
  9549 | D        | Reached skill level 1 in Summonings
  9554 | D        | Reached skill level 10 in Crossbows
  9554 | D        | Reached skill level 1 in Fire Magic
  9554 | D        | Reached skill level 1 in Air Magic
  9557 | D        | Received a gift from Okawaru
  9558 | D        | Reached skill level 1 in Short Blades
  9558 | D        | Reached skill level 1 in Staves
  9558 | D        | Reached skill level 1 in Bows
  9558 | D        | Reached skill level 1 in Necromancy
  9573 | D        | Killed a bone dragon
  9574 | D        | Reached skill level 1 in Long Blades
  9574 | D        | Reached skill level 1 in Axes
  9574 | D        | Reached skill level 1 in Slings
  9574 | D        | Reached skill level 1 in Hexes
  9574 | D        | Reached skill level 1 in Translocations
  9574 | D        | Reached skill level 1 in Transmutations
  9607 | D        | Received a gift from Okawaru
  9650 | D        | Noticed an orb of fire
  9650 | D        | Noticed a golden dragon
  9656 | D        | Gained mutation: You are clumsy. (Dex -2) [an orb of fire]
  9679 | D        | Killed an orb of fire
  9679 | D        | Received a gift from Okawaru
  9713 | D        | Killed a golden dragon
  9714 | D        | Reached skill level 15 in Crossbows
  9749 | D        | Got an ichor-stained hat {god gift}
  9760 | D        | Identified the +0 hat "Ugotiamp" {+Blink Str+7 Int-2
                  | Stlth+} (Okawaru gifted it to you in the Dungeon)
 10048 | D        | Noticed a golden dragon
 10053 | D        | Killed a golden dragon
 10054 | D        | Reached XP level 19. HP: 151/151 MP: 35/35
 10069 | D        | Noticed a tentacled monstrosity
 10091 | D        | Killed a tentacled monstrosity
 10092 | D        | Reached skill level 5 in Polearms
 10396 | D        | Noticed a golden dragon
 10396 | D        | Noticed a curse toe
 10396 | D        | Noticed a tentacled monstrosity
 10410 | D        | Killed a golden dragon
 10410 | D        | Received a gift from Okawaru
 10417 | D        | Killed a tentacled monstrosity
 10424 | D        | Killed a curse toe
 10433 | D        | Received a gift from Okawaru
 10442 | D        | Got a shimmering helmet {god gift}
 10453 | D        | Identified the -6 helmet "Doreg" {Harm rElec rN+++ Dex-4}
                  | (Okawaru gifted it to you in the Dungeon)
 10656 | D        | Reached skill level 10 in Polearms
 10772 | D        | Reached skill level 27 in Shields
 10774 | D        | Received a gift from Okawaru
 10775 | D        | Reached skill level 5 in Evocations
 10913 | D        | Noticed an ancient lich
 10925 | D        | Killed an ancient lich
 10926 | D        | Reached XP level 20. HP: 77/157 MP: 37/37
 11137 | D        | Noticed an orb of fire
 11158 | D        | Killed an orb of fire
 11161 | D        | Noticed an electric golem
 11170 | D        | Killed an electric golem
 11172 | D        | Noticed an ancient lich
 11172 | D        | Noticed an ancient lich
 11172 | D        | Noticed an electric golem
 11173 | D        | Noticed an orb of fire
 11179 | D        | Killed an ancient lich
 11179 | D        | Received a gift from Okawaru
 11180 | D        | Reached skill level 15 in Polearms
 11187 | D        | Received a gift from Okawaru
 11194 | D        | Killed an ancient lich
 11195 | D        | Reached skill level 27 in Invocations
 11196 | D        | Killed an orb of fire
 11203 | D        | Noticed an electric golem
 11207 | D        | Killed an electric golem
 11236 | D        | Killed an electric golem
 11272 | D        | Noticed an ancient lich
 11272 | D        | Noticed a golden dragon
 11283 | D        | Killed an ancient lich
 11290 | D        | Killed a golden dragon
 11290 | D        | Received a gift from Okawaru
 11415 | D        | Received a gift from Okawaru
 11416 | D        | Reached XP level 21. HP: 94/163 MP: 38/38
 11443 | D        | Reached skill level 27 in Crossbows
 11577 | D        | Received a gift from Okawaru
 11580 | D        | Noticed an ancient lich
 11612 | D        | Killed an ancient lich
 11613 | D        | Reached skill level 10 in Evocations
 11755 | D        | Reached skill level 27 in Polearms
 11855 | D        | Got an elven rune of Zot
 11867 | D        | Paralysed by a floating eye for 3 turns
 11875 | D        | Paralysed by a floating eye for 2 turns
 11889 | D        | Paralysed by a floating eye for 3 turns
 11985 | D        | Noticed the Royal Jelly
 11993 | D        | Received a gift from Okawaru
 11994 | D        | Reached skill level 15 in Evocations
 12482 | D        | HP: 6/163 [acid[the Royal Jelly] (13)]
 12508 | D        | HP: 1/163 [acid[the Royal Jelly] (12)]
 12813 | D        | HP: 7/163 [the Royal Jelly (8)]
 12813 | D        | HP: 3/163 [acid (4)]
 12814 | D        | HP: 1/163 [acid (2)]
 12814 | D        | Mangled by an acid blob

Illustrated notes

Levels and vault maps discovered:
D:        linesprint [early_d, line_temple, items_1, d_10, items_2, lair_1,
          lair_end, items_3, orc_1, orc_end, items_4, d_15, swamp_1, shoals_1,
          snake_1, spider_1, d_20, vaults_1, items_5, swamp_end, shoals_end,
          snake_end, spider_end, vaults_end, d_27, items_6, zot_1, zot_end,
          crypt_end, forest_end, elf_end, slime_end, tomb_end, abyss_end,
          pan_hell_end]

Skill      XL: |  1  2  3  4  5  6  7  8  9 10 11 12 13 14 15 16 17 18 19 20 21 |
---------------+----------------------------------------------------------------+-----
Shields        | 4 5 6 7 8 9 10 11 12 14 15 20 27 | 27.0
Fighting       | 4 6 7 8 9 10 11 14 18 22 25 27 | 27.0
Armour         | 4 5 6 7 8 9 10 12 14 15 19 26 27 | 27.0
Maces & Flails | 3 5 7 9 11 12 14 16 17 | 17.9
Dodging        | 1 2 3 4 5 6 7 9 12 14 17 19 23 24 | 24.1
Stealth        | 1 3 |  3.4
Invocations    | 1 2 4 6 10 13 21 24 26 27 | 27.0
Evocations     | 1 3 5 8 18 | 18.6
Throwing       | 2 3 |  3.0
Crossbows      | 16 20 26 27 | 27.0
Ice Magic      | 1 |  1.7
Earth Magic    | 2 |  2.2
Poison Magic   | 1 |  1.7
Conjurations   | 1 |  1.4
Summonings     | 1 |  1.5
Fire Magic     | 1 |  1.4
Air Magic      | 1 |  1.3
Short Blades   | 1 |  1.2
Staves         | 1 |  1.3
Bows           | 1 |  1.3
Necromancy     | 1 |  1.1
Long Blades    | 1 |  1.1
Axes           | 1 |  1.1
Slings         | 1 |  1.1
Hexes          | 1 |  1.1
Translocations | 1 |  1.1
Transmutations | 1 |  1.0
Polearms       | 2 13 21 27 | 27.0

Action                   |  1- 3 |  4- 6 |  7- 9 | 10-12 | 13-15 | 16-18 | 19-21 || total
-------------------------+-------+-------+-------+-------+-------+-------+-------++-------
Melee: Flail             |    59 |     8 |       |       |       |       |       ||    67
       Morningstar       |       |    17 |   100 |   512 |   962 |   471 |       ||  2062
       Eveningstar       |       |       |       |       |       |   454 |   396 ||   850
       Trishula          |       |       |       |       |       |       |   211 ||   211
 Fire: Hand crossbow     |       |       |       |       |       |     4 |    11 ||    15
Throw: Javelin           |       |       |       |       |    12 |    21 |    26 ||    59
Invok: Heroism           |       |       |     1 |     2 |     5 |     3 |     2 ||    13
       Finesse           |       |       |       |       |     2 |     2 |     2 ||     6
 Abil: Fly               |       |       |       |       |       |     1 |       ||     1
Evoke: Wand              |       |       |       |     1 |     2 |       |       ||     3
       Condenser vane    |       |       |       |       |       |       |     8 ||     8
  Use: Potion            |       |       |     2 |     4 |     4 |     1 |     5 ||    16
       Scroll            |       |       |       |     2 |     1 |    15 |     7 ||    25
 Stab: Invisible         |       |       |       |     4 |       |       |       ||     4
       Confused          |       |       |       |       |       |       |     2 ||     2
Armor: Scale mail        |    46 |     4 |       |    97 |   243 |       |       ||   390
       Ring mail         |       |     3 |    33 |    22 |       |       |       ||    58
       Gold dragon scale |       |       |       |       |   204 |   411 |   188 ||   803
Dodge: Dodged            |    17 |     7 |    49 |    98 |   331 |   320 |   132 ||   954
Block: Kite shield       |    34 |     5 |    45 |   101 |   255 |   437 |   378 ||  1255
       Tower shield      |       |       |       |   140 |   437 |       |       ||   577
       Reflection        |       |       |       |       |     3 |    16 |    12 ||    31

Table legend: (Time is in decaauts) A = Elapsed time spent in this place. B = Non-inter-level travel time spent in this place. C = Inter-level travel time spent in this place. D = Time resting spent in this place. E = Time spent auto-exploring this place. F = Levels seen in this place. G = Mean time per level. A B C D E F G +--------+--------+--------+--------+--------+-----+--------+ Total | 11868 | 11733 | 135 | 4423 | 1484 | 1 | 11868.0 | Dungeon | 11868 | 11733 | 135 | 4423 | 1484 | 1 | 11868.0 | +--------+--------+--------+--------+--------+-----+--------+

Top non-repeatable levels by time:
       D: 11868 daAuts
